 Dungeon Crawl Stone Soup version 0.27.1-34-g3ba077fa99 (webtiles) character file.

Game seed: 966110068527329066

31 fishdoom the Chopper (level 3, -4/29 HPs)
             Began as a Human Berserker on Jan 27, 2022.
             Was a Believer of Trog.
             Killed from afar by a white imp (7 damage)
             ... with a puff of frost
             ... summoned by Natasha
             ... on level 2 of the Dungeon.
             The game lasted 00:04:35 (1351 turns).

fishdoom the Chopper (Human Berserker)              Turns: 1351, Time: 00:04:36

Health: -4/29      AC:  2    Str: 18    XL:     3   Next: 40%
Magic:  3/3        EV: 12    Int:  7    God:    Trog [**....]
Gold:   75         SH:  0    Dex: 12    Spells: 2/2 levels left

rFire    . . .     SeeInvis +   a - +0 hand axe
rCold    . . .     Faith    .   (no shield)
rNeg     . . .     Spirit   .   b - +0 animal skin
rPois    .         Reflect  .   (no helmet)
rElec    .         Harm     .   (no cloak)
rCorr    .         Rampage  .   (no gloves)
Will     .....                  (no boots)
Stlth    +.........             (no amulet)
HPRegen  0.09/turn              e - ring of see invisible
MPRegen  0.08/turn              (no ring)

@: no status effects
A: no striking features
a: Renounce Religion, Berserk, Trog's Hand


You were on level 2 of the Dungeon.
You worshipped Trog.
Trog was pleased with you.
You visited 1 branch of the dungeon, and saw 2 of its levels.

You collected 75 gold pieces.

Inventory:

Hand Weapons
 a - a +0 hand axe (weapon)
Armour
 b - a +0 animal skin (worn)
Jewellery
 e - a ring of see invisible (left hand)
Scrolls
 d - a scroll of noise {unknown}
Potions
 c - a potion of cancellation {unknown}


   Skills:
 - Level 3.0 Fighting
 * Level 4.2 Axes
 - Level 2.0 Armour
 - Level 2.0 Dodging


You had 2 spell levels left.
You didn't know any spells.
Your spell library was empty.

Dungeon Overview and Level Annotations

Branches:
Dungeon (2/15)

Altars:

Annotations:
D:2 Natasha


Message History

e - a ring of see invisible (left hand)
Found a stone staircase leading down.
There is a stone staircase leading down here.
Found 8 gold pieces.
You now have 75 gold pieces (gained 8).
A quokka and Natasha come into view.
Natasha hisses angrily.
Press: ? - help, v - describe, . - travel The floor.
You hit the quokka but do no damage.
The quokka bites you but does no damage.
You closely miss the quokka.
Natasha wildly gestures.
Natasha shimmers violently.
The quokka barely misses you. Natasha casts a spell at you.
The magic dart hits you.
You closely miss the quokka. You barely miss Natasha.
The quokka barely misses you. Natasha claws you. The quokka barely misses you.
You miss the quokka. You closely miss Natasha. The quokka closely misses you.
Natasha claws you. The quokka misses you.
Natasha casts a spell.
The shadow imp hits you.
Natasha casts a spell.
You closely miss the quokka.
The quokka bites you but does no damage.
Natasha casts a spell.
The quokka bites you.
You hit the quokka.
The quokka is severely wounded.
The quokka barely misses you. The quokka bites you.
The white imp gestures at you. The puff of frost hits you.
* * * LOW HITPOINT WARNING * * *
The quokka barely misses you. The white imp gestures at you.
The puff of frost hits you!
You die...

#.......#####.....
#.......#.<...# ####
#.......#.##### #... #
########.......#...# #...
#.#...........##.#.#<# ##...
#.#.######.......#.#.#####....
#......h....#.##.#.#.#...#....
#.#.#####5....#..###.#...#....
# #.#####...r@.............###
#.h..##..5..#.#.####...### #
##5##.##................# #
#..#....5........####...#
#..#..#..#.#.##.## #########
#.....#....#...... #......
##..........####### ######.
#...##.#...# #. #.... #...# #.


You could see Natasha, a white imp (summoned), 2 shadow imps and a quokka.

Vanquished Creatures
  2 endoplasms (D:1)
  A giant cockroach (D:1)
  8 goblins (D:1)
  3 hobgoblins (D:1)
  2 jackals (D:1)
  A quokka (D:1)
  4 ball pythons (D:1)
  2 bats (D:1)
  A frilled lizard (D:1)
  3 kobolds (D:1)
  3 rats (D:1)
30 creatures vanquished.

Notes
Turn   | Place    | Note
-------+----------+-------------------------------------------
     0 | D:1      | fishdoom the Human Berserker began the quest for the Orb.
     0 | D:1      | Reached XP level 1. HP: 18/18 MP: 1/1
   170 | D:1      | Reached XP level 2. HP: 15/24 MP: 2/2
   692 | D:1      | Reached skill level 4 in Axes
   692 | D:1      | Reached XP level 3. HP: 29/29 MP: 3/3
  1030 | D:1      | Reached ** piety under Trog
  1327 | D:2      | Noticed Natasha
  1351 | D:2      | Killed from afar by a white imp

Illustrated notes

Levels and vault maps discovered:
D:1:      dpeg_arrival_tiny_a, layout_basic, kennysheep_pointless_box
D:2:      layout_basic, serial_shops, nicolae_lakefront_shop, nrook_mini_vaults,
          dk_noncrumbling_4, chequers_avenue, uniq_natasha

Skill      XL: |  1  2 |
---------------+-------+-----
Axes           | 4 |  4.2
Fighting       | |  3.0
Armour         | |  2.0
Dodging        | |  2.0

Action                   || total
-------------------------++-------
Melee: Hand axe          ||    98
Armor: Animal skin       ||    26
Dodge: Dodged            ||    68
